 Dungeon Crawl Stone Soup version 0.22-a0-757-gdba82d8 (webtiles) character file.

2 Amnesiac the Digger (level 1, 0/13 HPs)
             Began as a Demonspawn Earth Elementalist on July 16, 2018.
             Slain by a kobold (1 damage)
             ... on level 1 of the Dungeon.
             The game lasted 00:00:28 (38 turns).

Amnesiac the Digger (Demonspawn Earth Elementalist)   Turns: 38, Time: 00:00:29

Health: 0/13       AC:  2    Str:  8    XL:     1   Next: 33%
Magic:  0/3        EV: 12    Int: 16    God:
Gold:   0          SH:  0    Dex: 13    Spells: 3/4 levels left

rFire    . . .     SeeInvis .   (no weapon)
rCold    . . .     Gourm    .   (no shield)
rNeg     . . .     Faith    .   c - +0 robe
rPois    .         Spirit   .   (no helmet)
rElec    .         Reflect  .   (no cloak)
rCorr    .         Harm     .   (no gloves)
MR       .....                  (no boots)
Stlth    ++........             (no amulet)
HPRegen  0.04/turn              (no ring)
MPRegen  0.08/turn              (no ring)

@: no status effects
A: no striking features
a: no special abilities


You were on level 1 of the Dungeon.
You were not hungry.

You visited 1 branch of the dungeon, and saw 1 of its levels.

Inventory:

Missiles
 b - 27 stones (quivered)
Armour
 c - a +0 robe (worn)
Scrolls
 a - a scroll of fog {!r, unknown}
Comestibles
 d - a ration


   Skills:
 + Level 1.8 Dodging
 + Level 1.8 Stealth
 + Level 2.0 Spellcasting
   Level 0.8 Transmutations
 * Level 2.7 Earth Magic


You had 3 spell levels left.
You knew the following spells:

 Your Spells              Type           Power        Failure   Level  Hunger
a - Sandblast             Erth           ##....       7%          1    #......

Your spell library contained the following spells:

 Spells                   Type           Power        Failure   Level  Hunger
 Stone Arrow              Conj/Erth      #.....       34%         3    ###....
 Passwall                 Tmut/Erth      #.......     16%         2    ###....
 Lee's Rapid Deconstruct  Erth           ##........   88%         5    ######.
 Petrify                  Tmut/Erth      #.......     69%         4    #####..


Dungeon Overview and Level Annotations

Branches:
Dungeon (1/15)

Altars:


Message History

Confirm with . or Enter, or press ? or * to list all spells.
You don't have enough magic to cast that spell.
Casting: Sandblast (safe; 7% risk of failure)
Confirm with . or Enter, or press ? or * to list all spells.
You don't have enough magic to cast that spell.
You barely miss the giant cockroach.
The giant cockroach is heavily wounded.
The giant cockroach bites you.
Casting: Sandblast (safe; 7% risk of failure)
Confirm with . or Enter, or press ? or * to list all spells.
You don't have enough magic to cast that spell.
You closely miss the giant cockroach.
The giant cockroach is heavily wounded.
The giant cockroach misses you.
Casting: Sandblast (safe; 7% risk of failure)
Confirm with . or Enter, or press ? or * to list all spells.
You don't have enough magic to cast that spell.
You closely miss the giant cockroach.
The giant cockroach is heavily wounded.
The giant cockroach bites you. The giant cockroach bites you.
You enter the shallow water.
Moving in this stuff is going to be slow.
The kobold barely misses you.
The kobold splashes around in the water.
The giant cockroach bites you but does no damage.
Casting: Sandblast (safe; 7% risk of failure)
Confirm with . or Enter, or press ? or * to list all spells.
Aiming: Sandblast (safe; 7% risk of failure)
Press: ? - help, Shift-Dir - straight line, f/p - giant cockroach
Aim: a giant cockroach (heavily wounded, clinging)
The blast of sand hits the giant cockroach.
You kill the giant cockroach!
b - 27 stones The kobold barely misses you.
You see here a giant cockroach corpse.
You hit the kobold.
The kobold is severely wounded.
The kobold hits you.
Casting: Sandblast (safe; 7% risk of failure)
Confirm with . or Enter, or press ? or * to list all spells.
You don't have enough magic to cast that spell.
You barely miss the kobold.
The kobold is severely wounded.
The kobold hits you.
* * * LOW HITPOINT WARNING * * *
Casting: Sandblast (safe; 7% risk of failure)
Confirm with . or Enter, or press ? or * to list all spells.
You don't have enough magic to cast that spell.
You hit the kobold but do no damage.
The kobold is moderately wounded.
The kobold hits you.
* * * LOW HITPOINT WARNING * * *
You are too injured to fight recklessly!
Casting: Sandblast (safe; 7% risk of failure)
Confirm with . or Enter, or press ? or * to list all spells.
You don't have enough magic to cast that spell.
You barely miss the kobold.
The kobold is moderately wounded.
Unknown command.
You hit the kobold.
The kobold is severely wounded.
The kobold hits you.
You die...

#.# ###....
#...............
#........(# .≈≈≈
#.........# ≈≈≈
#.........# ♣≈♣###
#.........# #≈##.#
#......>.$# +≈K@.#
#.........# ##≈##<#
#.........###P≈♣###
#.........##P≈≈≈♣#
#.......()##.≈≈≈.##
#########.........#
##........#
##########


You could see a kobold.

Vanquished Creatures
  A giant cockroach (D:1)
  A goblin (D:1)
2 creatures vanquished.

Notes
Turn   | Place    | Note
-------+----------+-------------------------------------------
     0 | D:1      | Amnesiac the Demonspawn Earth Elementalist began the quest for the Orb.
     0 | D:1      | Reached XP level 1. HP: 13/13 MP: 3/3
    38 | D:1      | Slain by a kobold

Vault maps used:
D:1:      sevenhm_arrival_forest_fort_small_4, wad_floor_pattern_untrapped

Action                   || total
-------------------------++-------
Melee: Unarmed           ||     8
 Cast: Sandblast         ||     4
Armor: Robe              ||     1
Dodge: Dodged            ||     7

Table legend:
 A = Spawn XP
 B = Non-spawn XP
 C = Spawn XP percentage of total XP
 D = Spawn monster count
 E = Non-spawn monster count
 F = Spawn count percentage of total count
 G = Total turns spent on level
                    A         B        C        D         E        F      G
               +---------+---------+-------+---------+---------+-------+---------
         Total |       0 |       4 |   0.0 |       0 |       2 |   0.0 |    38
               +---------+---------+-------+---------+---------+-------+---------
           D:1 |       0 |       4 |   0.0 |       0 |       2 |   0.0 |    38
               +---------+---------+-------+---------+---------+-------+---------
